[Event "Live Chess"]
[Site "Chess.com"]
[Date "2023.05.20"]
[Round "-"]
[White "AwesomeFredster"]
[Black "PureMellowPlan"]
[Result "1/2-1/2"]
[WhiteElo "1445"]
[BlackElo "629"]
[TimeControl "300"]
[EndTime "9:57:02 PDT"]
[Termination "Game drawn by repetition"]

1. e4 e5 2. Nf3 Nc6 3. Bc4 h6 4.
Nc3 Nf6 5. d3 Bb4 6. Be3 Bxc3+ 7.
bxc3 d6 8. d4 exd4 9. cxd4 O-O 10. Nd2 Re8 11. Qf3 b6 12. Qg3 Qd7 13. Bxh6 Qg4 14.
Qxg4 Bxg4 15. h3 Be6 16. Be3 Bxc4 17. Nxc4 Rxe4 18. O-O Nxd4 19. Bxd4 Rxd4 20. Ne3 Nd5 21. Nxd5 Rxd5 22. c4 Rc5 23. Rac1 Re8 24. Rfd1 Re4 25. Rd2 Rexc4 26. Rxc4 Rxc4 27. Re2 Rc1+ 28. Kh2 d5 29. Re7 d4 30. Rd7 c5 31. Rxa7 c4 32. Ra8+ Kh7 33. Rd8 d3 34. Rd4 c3 35. Rxd3 c2 36. Rc3 b5 37.
Kg3 b4 38. Rc4 Kg6 39. Kf3 Kf5 40. Ke2 Ke5 41. Kd2 Rf1 42. Kxc2 Rxf2+ 43. Kb3 Rxg2 44. Kxb4 Rxa2 45. Rc5+ Ke6 46. Rc6+ Ke7 47. Rc7+ Kd6 48. Rxf7 g5 49. Rg7 Rg2 50. Rg6+ Ke5 51. Kc3 Rg3+ 52. Kd2 Rxh3 53. Ke2 Kf4 54. Kf2 Rh2+ 55. Kg1 Rh3 56.
Rg8 g4 57. Ra8 Kf3 58. Ra2 Rg3+ 59. Kh2 Rh3+ 60. Kg1 g3 61. Ra3+ Kg4 62. Ra4+ Kf3 63. Ra3+ Ke2 64. Ra2+ Kd3 65. Ra3+ Kc2 66. Ra2+ Kb3 67.
Rg2 Kc3 68. Kf1 Kd3 69. Kg1 Ke3 70. Ra2 Kf3 71. Ra3+ 1/2-1/2

[Event "Live Chess"]
[Site "Chess.com"]
[Date "2023.05.20"]
[Round "-"]
[White "MaximKris"]
[Black "risinghelios"]
[Result "1-0"]
[WhiteElo "1845"]
[BlackElo "1954"]
[TimeControl "300"]
[EndTime "9:57:20 PDT"]
[Termination "MaximKris won by resignation"]

1. e4 c5 2. Nf3 Nc6 3. Bb5 g6 4. O-O Bg7 5. Re1 Nf6 6. c3 O-O 7. Bxc6 bxc6 8. d4 cxd4 9. cxd4 d5 10. e5 Nd7 11. Nc3 e6 12. b4 Qb6 13. a3 a5 14.
Na4 Qb5 15. Nc5 axb4 16. a4 Qc4 17. Nxd7 Bxd7 18. Re3 c5 19. dxc5 Qxc5 20. Bb2 Rfc8 21. Bd4 Qc4 22. a5 Qc2 23. Qxc2 Rxc2 24. Rb3 Rac8 25.
h3 Rc1+ 26. Rxc1 Rxc1+ 27. Kh2 Ra1 28. Bxa1 Bc8 29. Rxb4 1-0

[Event "Live Chess"]
[Site "Chess.com"]
[Date "2023.05.20"]
[Round "-"]
[White "toog"]
[Black "ramses-IIG"]
[Result "1-0"]
[WhiteElo "2629"]
[BlackElo "744"]
[TimeControl "300"]
[EndTime "9:57:29 PDT"]
[Termination "toog won by resignation"]

1. b4 d5 2. Bb2 Nc6 3. b5 Nb8 4. Nf3 Qd7 5. e3 c6 6. a4 cxb5 7.
Bxb5 Nc6 8. Ne5 e6 9. Nxd7 Bxd7 10. O-O Nb4 11. Bxd7+ Kxd7 12. Qe2 f6 13. Qb5+ Nc6 14.
Qxb7+ Kd6 15. Qxa8 1-0

[Event "Live Chess"]
[Site "Chess.com"]
[Date "2023.05.20"]
[Round "-"]
[White "elizaveta_frundina"]
[Black "wot-not"]
[Result "1-0"]
[WhiteElo "1525"]
[BlackElo "1475"]
[TimeControl "300"]
[EndTime "9:57:35 PDT"]
[Termination "elizaveta_frundina won by resignation"]

1. e4 e5 2. Nf3 d6 3. d4 f5 4. Bd3 fxe4 5. Bxe4 d5 6. Bd3 e4 7. Qe2 Nf6 8. Ng1 Be7 9. Bb5+ c6 10. Ba4 O-O 11.
Nc3 Bg4 12. f3 Bh5 13. Nh3 Nbd7 14. Nf4 exf3 15. gxf3 Bf7 16. Ne6 Bxe6 17. Qxe6+ Kh8 18. Rg1 Bb4 19. Be3 Re8 20. Qf7 Qe7 21. Qxe7 Rxe7 22. Kd2 Bxc3+ 23. bxc3 Nb6 24. Bb3 Rae8 25. Rae1 a5 26. a3 Nfd7 27. Bg5 Rf7 28. Rxe8+ 1-0

[Event "Live Chess"]
[Site "Chess.com"]
[Date "2023.05.20"]
[Round "-"]
[White "MaximKhimchenko"]
[Black "Rusty_Bridges"]
[Result "0-1"]
[WhiteElo "1367"]
[BlackElo "1420"]
[TimeControl "300"]
[EndTime "9:57:36 PDT"]
[Termination "Rusty_Bridges won by resignation"]

1. e4 d6 2. Nf3 Nf6 3. d4 Nxe4 4. Bd3 Nf6 5. Nc3 e6 6. Bg5 Be7 7. Bxf6 Bxf6 8. O-O Nc6 9. Re1 b6 10. d5 Ne5 11.
Nxe5 Bxe5 12. f4 Bd4+ 13. Kh1 O-O 14. Bxh7+ Kxh7 15. Qxd4 Qf6 16. Qf2 Bb7 17. Ne4 Qg6 18. Ng5+ Kg8 19. dxe6 fxe6 20. Rxe6 Qh5 21. Qg3 Bd5 22.
Re7 Rae8 23. Rxe8 Rxe8 24. Nf3 Re2 25. Re1 Rxe1+ 26. Qxe1 Bxf3 27. Qe8+ Kh7 28. gxf3 Qxe8 0-1

[Event "Live Chess"]
[Site "Chess.com"]
[Date "2023.05.20"]
[Round "-"]
[White "jameskwong"]
[Black "Greenbecker"]
[Result "0-1"]
[WhiteElo "2155"]
[BlackElo "1707"]
[TimeControl "300"]
[EndTime "9:57:43 PDT"]
[Termination "Greenbecker won by resignation"]

1. d4 d5 2. c4 e6 3. Nc3 Nf6 4. Bg5 Bb4 5. Nf3 c6 6. e3 Nbd7 7. cxd5 cxd5 8. Bd3 Qa5 9. Qc2 O-O 10. O-O h6 11. Bh4 b6 12. Ne5 Nxe5 13. dxe5 Nd7 14. Bg3 Bb7 15. Rfc1 Rac8 16. a3 Bxc3 17. bxc3 Nc5 18.
Be2 Na4 19. c4 Ba6 20. Qb3 Nc5 21. Qb4 Qxb4 22. axb4 Nb3 23. Rxa6 Nxc1 24. Bf1 dxc4 25. e4 Rc7 26. Bf4 Nd3 27. Bd2 Nxe5 28. Bc3 Nd3 29. g3 Rd8 30. Kg2 Rcd7 31. Ra1 f6 32. Kf3 Ne5+ 33. Bxe5 fxe5 34. Bxc4 Kf7 35. Ke3 Ke7 36. h4 Rc8 37. Bb5 Rc3+ 38. Ke2 Rdc7 39. f4 Rxg3 40. fxe5 Rg4 41. Kf3 Rxh4 42. Rd1 g5 43.
Rd6 Rf4+ 44. Ke3 h5 0-1

[Event "Live Chess"]
[Site "Chess.com"]
[Date "2023.05.20"]
[Round "-"]
[White "Enhard"]
[Black "noobsmoker24"]
[Result "1-0"]
[WhiteElo "1411"]
[BlackElo "1380"]
[TimeControl "300"]
[EndTime "9:57:46 PDT"]
[Termination "Enhard won by resignation"]

1. d4 Nf6 2. Bf4 d5 3. e3 c5 4.
c3 Nc6 5. Nf3 e6 6. h3 Bd6 7.
Bxd6 Qxd6 8. Be2 b6 9. Nbd2 Bb7 10. O-O Ne7 11. a3 O-O 12. Re1 Ne4 13. dxc5 bxc5 14.
Nxe4 Qc7 15. Ned2 e5 16. Nb3 e4 17. Nh2 Bc8 18. Bg4 f5 19. Be2 f4 20. exf4 Qxf4 21.
Rf1 Qg5 22. Bg4 Nf5 23. Bxf5 Bxf5 24. Ng4 h5 25. Qxd5+ Kh8 26. Ne3 Rad8 27. Qe5 Rde8 28. Qg3 Qf6 29. Nxf5 Qxf5 30. Qe3 Rd8 31. Nxc5 Rd5 32. b4 Re8 33. Rad1 Rxd1 34. Rxd1 Rf8 35.
Rf1 Qe5 36. Qd4 1-0

[Event "Live Chess"]
[Site "Chess.com"]
[Date "2023.05.20"]
[Round "-"]
[White "Horseymobile"]
[Black "Crowded_House"]
[Result "0-1"]
[WhiteElo "1249"]
[BlackElo "1697"]
[TimeControl "300"]
[EndTime "9:57:57 PDT"]
[Termination "Crowded_House won by resignation"]

1. d4 e6 2. e4 d5 3. Nc3 Bb4 4. Bd3 c5 5. dxc5 Bxc5 6. Nf3 Ne7 7. O-O O-O 8. Bg5 h6 9. Bh4 Nbc6 10. Bb5 Qc7 11. exd5 exd5 12. Bg3 Bd6 13. Nxd5 Nxd5 14. Qxd5 Bxg3 15. fxg3 Be6 16. Qc5 Qb6 17. Qxb6 axb6 18. a3 Rad8 19. Rad1 Rxd1 20. Rxd1 Rd8 21. Rxd8+ Nxd8 22. Nd4 Bd5 23. c4 Be4 24. b4 Ne6 25.
Nxe6 fxe6 26. a4 Kf7 27. Kf2 Ke7 28. Ke3 Bxg2 29. Kd4 Kd6 30. a5 e5+ 31. Kd3 Bf1+ 32. Ke3 bxa5 33. bxa5 Kc5 34. Ke4 Bxc4 35. Bxc4 Kxc4 36.
Kxe5 Kb5 37. Ke6 Kxa5 38. Kf7 b5 39. Kxg7 b4 40. Kxh6 b3 41. g4 b2 0-1

[Event "Live Chess"]
[Site "Chess.com"]
[Date "2023.05.20"]
[Round "-"]
[White "onemoretime1975"]
[Black "domrobson"]
[Result "0-1"]
[WhiteElo "1909"]
[BlackElo "1737"]
[TimeControl "300"]
[EndTime "9:58:01 PDT"]
[Termination "domrobson won by resignation"]

1. e4 e5 2. Nf3 Nc6 3. Bc4 Nf6 4. d3 Bc5 5. Nc3 d6 6. h3 a6 7.
a3 Ba7 8. O-O Qe7 9. Be3 b5 10.
Nd5 Nxd5 11. Bxd5 Bb7 12. Bxa7 Rxa7 13. Nh2 Nd4 14. Bxb7 Rxb7 15. f4 O-O 16. fxe5 dxe5 17. Nf3 Nxf3+ 18. Qxf3 Qc5+ 19. Qf2 Qxf2+ 20. Rxf2 c5 21. b3 f6 22. a4 b4 23. g4 h6 24.
h4 a5 25. Raf1 Rbf7 26. Kg2 g5 27. hxg5 fxg5 28. Rxf7 Rxf7 29. Rxf7 Kxf7 30. Kf3 Kg6 31. Kg3 h5 32. Kh3 Kh6 33. Kg3 hxg4 34. Kxg4 Kg6 35. Kg3 Kh5 36. Kh3 g4+ 37. Kg3 Kg5 0-1

[Event "Live Chess"]
[Site "Chess.com"]
[Date "2023.05.20"]
[Round "-"]
[White "Hacker_2009"]
[Black "Supertromp"]
[Result "0-1"]
[WhiteElo "1899"]
[BlackElo "2166"]
[TimeControl "300"]
[EndTime "9:58:05 PDT"]
[Termination "Supertromp won by resignation"]

1. d4 Nf6 2. Nf3 g6 3. c4 Bg7 4. Nc3 O-O 5. e4 d6 6. Be2 Na6 7. O-O e5 8. h3 c6 9. Be3 Qe7 10. Qc2 Re8 11. d5 cxd5 12. Nxd5 Nxd5 13. cxd5 b6 14. Rac1 Bb7 15. Qa4 Nc5 16. Bxc5 bxc5 17. Ba6 f5 18. Bxb7 Qxb7 19. Ng5 Bh6 20. h4 Qe7 21.
exf5 gxf5 22. Rce1 Bxg5 23. hxg5 Qxg5 24. Qc6 Qf6 25.
Re3 f4 26. Rb3 Rac8 27. Qd7 Rcd8 28. Qxa7 Ra8 29. Qd7 Re7 30. Qc6 Rxa2 31. Rb8+ Kg7 32. Qc8 Kh6 33. Qh3+ Kg7 34. Qc8 Raa7 35. Qg8+ Kh6 36.
Rf8 Qg6 37. Qh8 Rg7 0-1

[Event "Live Chess"]
[Site "Chess.com"]
[Date "2023.05.20"]
[Round "-"]
[White "Nazarenko_vital"]
[Black "lightningorderyt"]
[Result "1-0"]
[WhiteElo "1600"]
[BlackElo "535"]
[TimeControl "300"]
[EndTime "9:58:07 PDT"]
[Termination "Nazarenko_vital won by checkmate"]

1. e4 c6 2. d4 d5 3. Nd2 c5 4.
Bb5+ Bd7 5. Bxd7+ Nxd7 6. Ne2 e6 7. c3 c4 8. O-O Be7 9. f4 Ngf6 10. e5 Ne4 11. Nxe4 dxe4 12. Ng3 O-O 13. Nxe4 Qb6 14. Kh1 f6 15. Qh5 f5 16. Ng5 Bxg5 17. Qxg5 Rf7 18. Qh5 Nf8 19. Qe2 Rc8 20. Be3 Qd8 21. h3 Ng6 22. d5 Qxd5 23. Rad1 Qa5 24. Rd6 Nf8 25. a3 Rd8 26. Rfd1 Rxd6 27. Rxd6 Re7 28. Qxc4 Ng6 29. Rxe6 Rxe6 30. Qxe6+ Kh8 31. Qe8+ Nf8 32. Qxf8# 1-0

[Event "Live Chess"]
[Site "Chess.com"]
[Date "2023.05.20"]
[Round "-"]
[White "martinsmartin63"]
[Black "viktorskliarov"]
[Result "0-1"]
[WhiteElo "760"]
[BlackElo "2648"]
[TimeControl "300"]
[EndTime "9:58:07 PDT"]
[Termination "viktorskliarov won by resignation"]

1. e3 c5 2. Nf3 Nc6 3. Bc4 d5 4. Bb5 Bd7 5. d3 Qa5+ 6. Nc3 d4 7. exd4 cxd4 8. Nxd4 Nxd4 9. Bxd7+ Kxd7 10. Qg4+ Ne6 11. d4 Nf6 12. Qf3 Qa6 13. d5 Nd4 14.
Qd3 Qxd3 15. cxd3 Nc2+ 16. Kd2 Nxa1 17. Re1 e6 18. dxe6+ fxe6 19. Kd1 Bb4 0-1

[Event "Live Chess"]
[Site "Chess.com"]
[Date "2023.05.20"]
[Round "-"]
[White "guptarayan"]
[Black "ethanredball"]
[Result "0-1"]
[WhiteElo "573"]
[BlackElo "633"]
[TimeControl "300"]
[EndTime "9:58:09 PDT"]
[Termination "ethanredball won by checkmate"]

1. e4 d5 2. exd5 Qxd5 3. d4 Nf6 4. c4 Qd8 5. Nc3 Nc6 6. Bf4 a6 7. d5 Nb8 8. Nf3 c6 9. dxc6 Nxc6 10. Qxd8+ Nxd8 11. O-O-O e6 12. Be2 Be7 13. Rd3 O-O 14. Rhd1 h6 15.
Bc7 Nc6 16. Bd6 Bxd6 17. Rxd6 Ne8 18. R6d3 b6 19. Ng5 hxg5 20. Rh3 f6 21. Ne4 Kf7 22. Bh5+ Ke7 23. Bxe8 Kxe8 24. Rh7 Rf7 25. Nd6+ Kf8 26. Nxf7 Kxf7 27. Rd6 Ne5 28. b4 Kg6 29. Rh8 Bb7 30.
Rxa8 Bxa8 31. Rxb6 Bxg2 32. Rxa6 Nxc4 33. Rc6 Bxc6 34. Kc2 Kf5 35. Kb3 Ne5 36. a4 g4 37. b5 Bxb5 38. axb5 Nd7 39. Ka4 Kf4 40. Ka5 Kf3 41. b6 Nxb6 42. Kxb6 Kxf2 43. Kc6 Kg2 44. h4 gxh3 45. Kd6 g5 46. Kxe6 g4 47. Kxf6 g3 48. Kf5 h2 49. Kg4 h1=Q 50. Kf4 Kf1 51. Kxg3 Qg1+ 52.
Kh4 Kf2 53. Kh5 Kf3 54. Kh6 Kf4 55. Kh5 Qg5# 0-1

[Event "Live Chess"]
[Site "Chess.com"]
[Date "2023.05.20"]
[Round "-"]
[White "PackedNote"]
[Black "aliciabutteriss"]
[Result "0-1"]
[WhiteElo "784"]
[BlackElo "542"]
[TimeControl "300"]
[EndTime "9:58:09 PDT"]
[Termination "aliciabutteriss won by checkmate"]

1. e4 c6 2. Nf3 d5 3. exd5 cxd5 4. d4 Nc6 5. Bb5 a6 6. Bxc6+ bxc6 7. Nc3 e6 8. O-O Bd6 9. Re1 Nf6 10. a3 O-O 11.
b4 Ng4 12. Ne5 Bxe5 13. dxe5 d4 14. Na2 Qb6 15. Re4 f5 16. Re1 d3 17. Qxd3 Qxf2+ 18. Kh1 Qxe1+ 19. Qf1 Qxf1# 0-1

[Event "Live Chess"]
[Site "Chess.com"]
[Date "2023.05.20"]
[Round "-"]
[White "Tema1107"]
[Black "Ninifu"]
[Result "1-0"]
[WhiteElo "1982"]
[BlackElo "1978"]
[TimeControl "300"]
[EndTime "9:58:19 PDT"]
[Termination "Tema1107 won by resignation"]

1. c4 Nf6 2. Nc3 g6 3. e4 d6 4. d4 Bg7 5. f3 O-O 6. Be3 c5 7. Nge2 Nc6 8. g4 cxd4 9. Nxd4 Nd7 10. Be2 Nde5 11. b3 Qb6 12. Nd5 Qa5+ 13. Bd2 Nxd4 14. Bxa5 Ndxf3+ 15. Bxf3 Nxf3+ 16. Qxf3 Bxa1 17. Bc3 Bxc3+ 18. Qxc3 e5 19. c5 f6 20. cxd6 Bxg4 21. O-O Rad8 22. Nxf6+ 1-0

[Event "Live Chess"]
[Site "Chess.com"]
[Date "2023.05.20"]
[Round "-"]
[White "Singapourfeuj"]
[Black "PureMellowPlan"]
[Result "1-0"]
[WhiteElo "2262"]
[BlackElo "629"]
[TimeControl "300"]
[EndTime "9:58:23 PDT"]
[Termination "Singapourfeuj won by resignation"]

1. d4 d5 2. Nf3 Bf5 3. c4 dxc4 4. Nc3 Nc6 5. e4 Be6 6. d5 Bxd5 7. exd5 Nb4 8. Qa4+ Nc6 9. dxc6 bxc6 10. Qxc6+ Qd7 11. Qxa8+ Qd8 12. Qxd8+ 1-0

[Event "Live Chess"]
[Site "Chess.com"]
[Date "2023.05.20"]
[Round "-"]
[White "TobyQuaite"]
[Black "GEMdzq"]
[Result "0-1"]
[WhiteElo "1700"]
[BlackElo "2298"]
[TimeControl "300"]
[EndTime "9:58:33 PDT"]
[Termination "GEMdzq won by resignation"]

1. d4 Nf6 2. c4 e5 3. dxe5 Ng4 4. Bf4 Bc5 5. e3 Nc6 6. Nf3 Qe7 7. Bg5 Qe6 8. Nc3 Ngxe5 9. Nd5 Bb4+ 10. Nxb4 Nxb4 11. Nd4 Qg6 12. Bf4 Ned3+ 13. Bxd3 Nxd3+ 14. Ke2 Nxf4+ 15. exf4 O-O 16. Re1 Qxg2 17. Rg1 Re8+ 18. Kd3 Qe4+ 19. Kc3 d6 20. Nb5 Be6 21. b3 Rec8 22. Qd2 a6 23. Nd4 c5 24. Nc2 b5 25.
Rae1 Qf3+ 26. Kb2 bxc4 27. Re3 Qxf4 28. Qc3 f6 29. Reg3 Ra7 30. bxc4 Rb8+ 31. Ka1 Qe5 0-1

[Event "Live Chess"]
[Site "Chess.com"]
[Date "2023.05.20"]
[Round "-"]
[White "kenn48"]
[Black "LL220284LL"]
[Result "0-1"]
[WhiteElo "1194"]
[BlackElo "2405"]
[TimeControl "300"]
[EndTime "9:58:33 PDT"]
[Termination "LL220284LL won by resignation"]

1. e4 a5 2. Nf3 b6 3. Nc3 Bb7 4. d3 g6 5. Bd2 Bg7 6. g3 d6 7. Bh3 Nf6 8. Nd4 O-O 9. Bg2 Nbd7 10. h4 Nxe4 11. Nb3 Nxc3 12. Bxc3 Bxc3+ 13. bxc3 Bxg2 14. Rg1 Bb7 15. h5 e5 16. hxg6 fxg6 17. d4 Qf6 18. Qe2 exd4 19. Nxd4 Rae8 0-1

[Event "Live Chess"]
[Site "Chess.com"]
[Date "2023.05.20"]
[Round "-"]
[White "xx_blindpuffin_xx"]
[Black "WelshTiger"]
[Result "0-1"]
[WhiteElo "2185"]
[BlackElo "2430"]
[TimeControl "300"]
[EndTime "9:58:34 PDT"]
[Termination "WelshTiger won by resignation"]

1. d4 d5 2. Bf4 e6 3. e3 Bd6 4. Bxd6 Qxd6 5. c3 Nf6 6. f4 c5 7. Bd3 Nc6 8. Nf3 cxd4 9. cxd4 Qb4+ 10.
Qd2 Bd7 11. Nc3 Na5 12. O-O Nc4 13. Bxc4 dxc4 14. Ne5 O-O 15. a3 Qb3 16. a4 Rfd8 17. Ra3 Qb4 18. Qe2 Be8 19. Nxc4 Rac8 20. Ne5 Rc7 21. Nd3 Qc4 22. Raa1 Rdc8 23. Rfc1 Qa6 24. Qf1 b6 25. Ne5 Qb7 26. Nb5 Bxb5 27. axb5 Qe4 28. Nc4 Ng4 29. Qe1 Rxc4 30. Rxc4 Rxc4 31. Rxa7 h5 32. b3 Rc2 33. Qg3 Re2 0-1

[Event "Live Chess"]
[Site "Chess.com"]
[Date "2023.05.20"]
[Round "-"]
[White "OBrightwell100"]
[Black "JoshMcK"]
[Result "0-1"]
[WhiteElo "1311"]
[BlackElo "1555"]
[TimeControl "300"]
[EndTime "9:58:34 PDT"]
[Termination "JoshMcK won by checkmate"]

1. e4 c6 2. d4 d5 3. e5 c5 4. dxc5 e6 5. Be3 Nd7 6. Nf3 Bxc5 7.
Bxc5 Nxc5 8. Nc3 Ne7 9. Bb5+ Bd7 10. Bxd7+ Qxd7 11. O-O O-O 12. b4 Na6 13. b5 Nc7 14. a4 Ng6 15. Ne4 a6 16. Nd6 axb5 17. axb5 Nxb5 18. Nxb5 Qxb5 19. Rxa8 Rxa8 20. Nd4 Qd7 21.
f4 Ne7 22. Nf3 Qb5 23. Nd4 Qc5 24. Qd3 Nc6 25. c3 Ra3 26. Qd2 Qxc3 27. Qxc3 Rxc3 28.
Rb1 Nxd4 29. Rxb7 g6 30. Kf2 Nf5 31. g4 Nd4 32. h4 Rf3+ 33. Kg2 Rxf4 34. h5 Rxg4+ 35.
Kh3 Re4 36. h6 f5 37. exf6 Re3+ 38. Kg4 Re4+ 39. Kg5 Nf3# 0-1

[Event "Live Chess"]
[Site "Chess.com"]
[Date "2023.05.20"]
[Round "-"]
[White "BearFromUkraine"]
[Black "LanceMaster23"]
[Result "0-1"]
[WhiteElo "1164"]
[BlackElo "1859"]
[TimeControl "300"]
[EndTime "9:58:42 PDT"]
[Termination "LanceMaster23 won by resignation"]

1. e4 c5 2. Nf3 Nc6 3. d4 cxd4 4. Nxd4 Qc7 5. Nc3 e6 6. Bc4 Nf6 7. O-O Be7 8. Bg5 h6 9. Bh4 O-O 10. Nxc6 bxc6 11. Qf3 Bb7 12. Rad1 d5 13. Bxf6 Bxf6 14. exd5 cxd5 15. Nb5 Qxc4 0-1

[Event "Live Chess"]
[Site "Chess.com"]
[Date "2023.05.20"]
[Round "-"]
[White "f4nomore"]
[Black "MartaMost"]
[Result "1-0"]
[WhiteElo "1363"]
[BlackElo "1136"]
[TimeControl "300"]
[EndTime "9:58:46 PDT"]
[Termination "f4nomore won on time"]

1. b3 e5 2. Bb2 Qf6 3. e3 d6 4.
Nf3 Bg4 5. Be2 Bxf3 6. Bxf3 c6 7. O-O d5 8. Nc3 e4 9. Be2 Bb4 10. Rb1 Bxc3 11. Bxc3 Qd6 12. f4 Qa3 13. Ra1 Nf6 14. Bb2 Qxb2 15. Rb1 Qxa2 16. d3 exd3 17. Bxd3 Ng4 18.
Qxg4 h6 19. Qxg7 Rf8 20. Qe5+ Kd7 21. Bf5+ Kd8 22. Qf6+ Ke8 23. Qxh6 Qa5 24. Qd6 Qc3 25. Rbe1 Na6 26. Bd7+ Kd8 27. Qxf8+ Kxd7 28. Qxa8 Qxc2 29.
Qxb7+ Nc7 30. Qxa7 Qxb3 31. Qd4 Ne6 32. Qf6 Qb6 33.
Qxf7+ Kd6 34. Qf6 Qc5 35. f5 Qc4 36. Qxe6+ 1-0

[Event "Live Chess"]
[Site "Chess.com"]
[Date "2023.05.20"]
[Round "-"]
[White "Duke_of_Bebington"]
[Black "bristolunichess"]
[Result "0-1"]
[WhiteElo "1564"]
[BlackElo "1876"]
[TimeControl "300"]
[EndTime "9:58:51 PDT"]
[Termination "bristolunichess won on time"]

1. e4 e6 2. d4 d5 3. Nd2 Nf6 4.
Bd3 e5 5. dxe5 Nxe4 6. Nxe4 dxe4 7. Bxe4 Qxd1+ 8. Kxd1 Nd7 9. f4 g5 10. Nf3 Nc5 11.
Bd5 c6 12. Bc4 Bg4 13. Ke2 b5 14. Bd3 Nxd3 15. cxd3 O-O-O 16. Be3 gxf4 17. Bxf4 Bc5 18. Rad1 Kb7 19. Rd2 Rhe8 20. h3 Bf5 21. d4 Bb4 22. Rdd1 f6 23. a3 Ba5 24. b4 Bb6 25. Rhe1 fxe5 26. Bxe5 a5 27. Kf2 axb4 28. axb4 Rd7 29. g4 Bc2 30. Rd2 Bb3 31. Kg3 Bd5 32. Ng5 h6 33. Ne4 Bxe4 34. Rxe4 Bc7 35. Rde2 Bxe5+ 36. dxe5 Rd3+ 37. Kg2 Re6 38. h4 Kc7 39. g5 hxg5 40. hxg5 Kd7 41. Rf4 Rd5 42. Rf5 Ke7 43. Ref2 Rexe5 44. Rf7+ Kd6 45. R2f6+ Re6 46. Rxe6+ Kxe6 47.
g6 Rg5+ 48. Kf3 Rxg6 49. Rc7 Rf6+ 50. Ke4 Kd6 51. Rc8 Re6+ 0-1

[Event "Live Chess"]
[Site "Chess.com"]
[Date "2023.05.20"]
[Round "-"]
[White "Olisingapore"]
[Black "CheckThis4"]
[Result "0-1"]
[WhiteElo "1946"]
[BlackElo "2542"]
[TimeControl "300"]
[EndTime "9:58:55 PDT"]
[Termination "CheckThis4 won by resignation"]

1. d4 Nf6 2. c4 e5 3. dxe5 Ng4 4. Nf3 Bc5 5. e3 Nc6 6. Nc3 O-O 7. Be2 Re8 8. O-O Ncxe5 9. Nxe5 Nxe5 10. b3 a5 11. Bb2 Ra6 12. Ne4 Bf8 13. f4 Ng6 14. Qd4 Nh4 15. Bh5 Rh6 16. Bxf7+ Kxf7 17. Ng5+ Kg8 18. Qd5+ Rhe6 19. Nxe6 dxe6 20. Qxd8 Rxd8 21. Rad1 Re8 22. e4 b6 23. g3 Ng6 24. Rd3 Bb7 25. e5 Ne7 26.
Rd7 Nf5 27. Rfd1 Bc5+ 28. Bd4 Nxd4 29. R1xd4 Bc6 30. Rd8 Rxd8 0-1

[Event "Live Chess"]
[Site "Chess.com"]
[Date "2023.05.20"]
[Round "-"]
[White "boilerboy1"]
[Black "Bot_Boy"]
[Result "1-0"]
[WhiteElo "1095"]
[BlackElo "325"]
[TimeControl "300"]
[EndTime "9:58:57 PDT"]
[Termination "boilerboy1 won by resignation"]

1. e4 d5 2. exd5 Qxd5 3. Nc3 Qd8 4. Nf3 Bf5 5. d4 e6 6. Be2 Nf6 7. Bg5 Bb4 8. O-O Be7 9. Bb5+ Nbd7 10. Ne5 c6 11.
Nxd7 Qxd7 12. Ba4 Nh5 13. Qxh5 g6 14. Qh6 Qxd4 15. Bxe7 Kxe7 16. Bb3 Rad8 17. Rad1 Qf6 18. Rxd8 Rxd8 19. h4 Rd4 20. Qxh7 Rxh4 21. Qg8 Qg5 22. Rd1 Kf6 23. Qd8+ Ke5 24. Qxg5 Rh5 25.
Qg3+ Kf6 26. Qc7 Rg5 27. Qd8+ 1-0

[Event "Live Chess"]
[Site "Chess.com"]
[Date "2023.05.20"]
[Round "-"]
[White "zdanevych"]
[Black "defenderalist"]
[Result "1-0"]
[WhiteElo "1539"]
[BlackElo "1581"]
[TimeControl "300"]
[EndTime "9:58:58 PDT"]
[Termination "zdanevych won by resignation"]

1. d4 d5 2. c4 dxc4 3. e4 e6 4. Bxc4 Be7 5. Nc3 Nf6 6. e5 Nfd7 7. Nf3 Nb6 8. Bb3 Nc6 9. O-O O-O 10. Be3 Na5 11. Bc2 Nac4 12. Qd3 g6 13. Bh6 Re8 14. b3 Na3 15. Bd1 Nd5 16. Be2 Bf8 17. Bg5 Be7 18. Bxe7 Qxe7 19. Nxd5 exd5 20. Rfc1 c6 21. Qc3 Nb5 22.
Bxb5 cxb5 23. Qc5 Bd7 24. Qxd5 Bc6 25. Qc5 Bxf3 26. Qxe7 Rxe7 27. gxf3 Rd7 28. Rd1 Rad8 29. Rac1 Kg7 30. Rc5 a6 31. f4 Kf8 32. f3 Ke7 33.
Kf2 Rd5 34. Rxd5 Rxd5 35. Ke3 a5 36. Ke4 Rd7 37. f5 a4 38. fxg6 hxg6 39. Rc1 1-0

[Event "Live Chess"]
[Site "Chess.com"]
[Date "2023.05.20"]
[Round "-"]
[White "IanCalvert2"]
[Black "JackCheetham1"]
[Result "1-0"]
[WhiteElo "1643"]
[BlackElo "1703"]
[TimeControl "300"]
[EndTime "9:58:59 PDT"]
[Termination "IanCalvert2 won by resignation"]

1. b3 g6 2. Bb2 Nf6 3. Nf3 Bg7 4.
g3 d6 5. d4 O-O 6. Bg2 c6 7.
O-O Bg4 8. c4 Nbd7 9. Nc3 Qc7 10. Qc2 e5 11. e3 Rfe8 12. h3 Bxf3 13. Bxf3 exd4 14. exd4 Nf8 15. d5 N8d7 16. Rfe1 Ne5 17. Bg2 Rac8 18. Re2 cxd5 19. Nxd5 Nxd5 20. Bxd5 Qd7 21.
Kg2 b5 22. Rae1 bxc4 23. bxc4 Kh8 24. f4 Nc6 25. Bxg7+ Kxg7 26. Rxe8 Rxe8 27. Rxe8 Qxe8 28. Qe4 Qxe4+ 29. Bxe4 Na5 30. Bd5 h6 31. Kf3 f5 32.
Ke3 Kf6 33. Kd4 g5 34. c5 dxc5+ 35. Kxc5 Ke7 36. fxg5 hxg5 37. h4 gxh4 38. gxh4 Kf6 39. h5 Kg5 40. Kb5 Kxh5 41. Kxa5 Kg4 42. Ka6 Kf4 43.
Kxa7 Ke3 44. Kb6 f4 45. a4 1-0

[Event "Live Chess"]
[Site "Chess.com"]
[Date "2023.05.20"]
[Round "-"]
[White "wadsy27"]
[Black "djw60"]
[Result "1-0"]
[WhiteElo "2589"]
[BlackElo "2151"]
[TimeControl "300"]
[EndTime "9:59:00 PDT"]
[Termination "wadsy27 won by resignation"]

1. c4 e6 2. g3 d5 3. Bg2 Nf6 4. Nf3 dxc4 5. Qa4+ Bd7 6. Qxc4 c5 7. Ne5 Qc8 8. O-O Nc6 9. Nxd7 Qxd7 10. Nc3 Be7 11. d3 Rc8 12. Bd2 O-O 13. Qa4 b6 14. Rfd1 Rfd8 15. Rac1 Nd4 16. Qxd7 Rxd7 17. Kf1 h6 18. h3 Nd5 19. Nxd5 exd5 20. b4 Ne6 21. h4 Rdc7 22.
bxc5 Bxc5 23. Bxd5 Ba3 24. Rxc7 Rxc7 25. e3 Rc2 26. Bb3 Rc7 27. d4 g5 28. hxg5 hxg5 29. Ke2 Kg7 30. f4 gxf4 31. gxf4 Kf6 32. Kd3 Rd7 33.
Bxe6 fxe6 34. Rh1 Rg7 35. d5 Rd7 36. Bc3+ Kf5 37. Bd4 exd5 38. Rh5+ Kg4 39. Rg5+ Kf3 40.
f5 Bc5 41. f6 Bxd4 42. Kxd4 Rf7 43. Rf5+ Ke2 44. Kxd5 Kxe3 45. Ke6 Rf8 46. Ke7 Rc8 47. f7 1-0

[Event "Live Chess"]
[Site "Chess.com"]
[Date "2023.05.20"]
[Round "-"]
[White "SupremeTactician"]
[Black "Misha145Chess"]
[Result "1-0"]
[WhiteElo "2409"]
[BlackElo "599"]
[TimeControl "300"]
[EndTime "9:59:11 PDT"]
[Termination "SupremeTactician won by resignation"]

1. e4 e6 2. d4 Nf6 3. e5 Ne4 4. Bd3 Ng5 5. h4 Nc6 6. hxg5 Nxd4 7. Be3 Nf5 8. Bxf5 exf5 9. Nc3 Bb4 10. Nf3 d6 11.
exd6 Bxd6 12. Qe2 f4 13. Bxf4+ Qe7 14. Qxe7+ Bxe7 15. O-O-O Bd6 16. Bxd6 cxd6 17. Rhe1+ Be6 18. Nd4 1-0

[Event "Live Chess"]
[Site "Chess.com"]
[Date "2023.05.20"]
[Round "-"]
[White "Doge_Dandolo"]
[Black "WilliamofOrange16th"]
[Result "1-0"]
[WhiteElo "2165"]
[BlackElo "1928"]
[TimeControl "300"]
[EndTime "9:59:12 PDT"]
[Termination "Doge_Dandolo won by resignation"]

1. Nf3 Nf6 2. c4 c5 3. g3 Nc6 4.
d4 cxd4 5. Nxd4 e6 6. Bg2 Bc5 7. Nc2 a5 8. O-O O-O 9. Be3 Be7 10. Nc3 d6 11. Nb5 e5 12. Bg5 Ne8 13. Bxe7 Qxe7 14.
Ne3 Be6 15. Rc1 Rb8 16. Nd5 Bxd5 17. Qxd5 Nb4 18. Qd2 Nxa2 19. Ra1 Nb4 20. Rxa5 Nc6 21. Ra3 Rd8 22. Rd3 Kh8 23. Rd1 f5 24. Nxd6 Nxd6 25.
Rxd6 Rxd6 26. Qxd6 Qxd6 27. Rxd6 Nd4 28. e3 Ne2+ 29. Kf1 Nc1 30. Bxb7 Rb8 31. c5 g6 32. c6 1-0